 Dungeon Crawl Stone Soup version 0.23.0 (webtiles) character file.

Game seed: 17284918106597357732

3046 vishdafish the Grappler (level 9, 0/85 HPs)
             Began as a Troll Transmuter on Feb 15, 2019.
             Was a Priest of Cheibriados.
             Slain by a hog (2 damage)
             ... on level 7 of the Dungeon.
             The game lasted 00:08:36 (5194 turns).

vishdafish the Grappler (Troll Transmuter)          Turns: 5194, Time: 00:08:37

Health: 0/85       AC: 10    Str: 27    XL:     9   Next: 56%
Magic:  13/13      EV: 12    Int: 19    God:    Cheibriados [***...]
Gold:   396        SH:  0    Dex: 17    Spells: 14/15 levels left

rFire    . . .     SeeInvis .     - Unarmed
rCold    . . .     Gourm    +   (no shield)
rNeg     + . .     Faith    .   e - +2 robe {rN+}
rPois    .         Spirit   .   (helmet restricted)
rElec    .         Reflect  .   q - +1 cloak
rCorr    .         Harm     .   (gloves unavailable)
MR       .....                  (boots unavailable)
Stlth    +++.......             (no amulet)
HPRegen  0.64/turn              l - ring of stealth
MPRegen  0.13/turn              w - ring of wizardry

@: about to teleport, lightly drained, very slow
A: large, unfitting armour, claws 3, fast metabolism 3, gourmand, regeneration
1, shaggy fur 1, tough skin 3
a: Bend Time, Temporal Distortion, Renounce Religion


You were on level 7 of the Dungeon.
You worshipped Cheibriados.
Cheibriados was most pleased with you.
You were not hungry.

You visited 1 branch of the dungeon, and saw 7 of its levels.

You collected 396 gold pieces.

Inventory:

Missiles
 a - 65 arrows
 t - 50 sling bullets
Armour
 b - a +0 robe
 e - a +2 robe of positive energy (worn)
 q - a +1 cloak (worn)
 y - a +0 scale mail
Jewellery
 g - an uncursed amulet of harm
 l - a ring of stealth (left claw)
 w - a ring of wizardry (right claw)
Wands
 m - a wand of paralysis (7)
 x - a wand of polymorph (6)
Scrolls
 h - a scroll of amnesia
 i - 3 scrolls of enchant weapon {unknown}
 k - a scroll of torment {unknown}
 o - a scroll of remove curse
 r - 2 scrolls of enchant armour {unknown}
 v - 2 scrolls of immolation {unknown}
 B - a scroll of silence {unknown}
 C - 3 scrolls of fear {unknown}
Potions
 c - a potion of flight
 f - a potion of berserk rage
 j - 2 potions of agility
 n - a potion of cancellation {unknown}
 p - a potion of resistance {unknown}
 s - a potion of might {unknown}
 u - a potion of magic {unknown}
 z - a potion of invisibility {unknown}
 A - a potion of mutation {unknown}
Comestibles
 d - 7 rations


   Skills:
 + Level 4.4 Fighting
 + Level 4.8(4.7) Dodging
 * Level 8.4 Unarmed Combat
 + Level 3.6 Spellcasting
 + Level 4.2 Transmutations


You had 14 spell levels left.
You knew the following spells:

 Your Spells              Type           Power        Failure   Level  Hunger
a - Beastly Appendage     Tmut           ###...       1%          1    None

Your spell library contained the following spells:

 Spells                   Type           Power        Failure   Level  Hunger
 Sticks to Snakes         Tmut           ###.....     1%          2    ##.....
 Spider Form              Tmut/Pois      ##........   8%          3    ###....
 Ice Form                 Ice/Tmut       ##......     24%         4    ####...
 Blade Hands              Tmut           ###.......   26%         5    ######.


Dungeon Overview and Level Annotations

Branches:
Dungeon (7/15)             Temple (0/1) D:5

Altars:
Cheibriados
Fedhas
Kikubaaqudgha
Nemelex Xobeh
Wu Jian
Yredelemnul
The Shining One


Innate Abilities, Weirdness & Mutations

You are too large for most types of armour.
You have claws for hands.
Your metabolism is lightning-fast.
You like to eat raw meat.
Your natural rate of healing is unusually fast.
You are covered in fur. (AC +1)
You have extremely tough skin. (AC +3)


Message History

The yak gores you. The hog bites you but does no damage.
You claw the hog!
The hog is heavily wounded.
The yak barely misses you. The hog bites you!
* * * LOW HITPOINT WARNING * * *
You barely miss the hog.
The hog is heavily wounded.
The yak gores you!
* * * LOW HITPOINT WARNING * * *
The hog bites you!
* * * LOW HITPOINT WARNING * * *
Okay, then.
Okay, then.
Okay, then.
Okay, then.
Okay, then.
Okay, then.
As you read the scroll of teleportation, it crumbles to dust.
You feel strangely unstable. The hog bites you.
You die...

##### ##...# #########
#....### #......(#
#####@#...# #.#####.#
#..#hY###.####.#####.#
#..#..# #...(.....##.#
#..'..###.####.##.##.#
#..#.%#...# #.##.##.#
#..#%%##### #.......#
####### ###.#####
######.# #...##.#


You could see a yak and a hog.

Vanquished Creatures
  Pikel (D:4)
  Sigmund (D:6)
  A human (D:7)
  2 hogs (D:7)
  Menkaure (D:6)
  An orc warrior (D:6)
  A sky beast (D:6)
  Duvessa (D:5)
  A phantom (D:4)
  A slave (D:4)
  A necrophage (D:5)
  A black bear (D:6)
  3 ogres
  Dowan (D:5)
  A scorpion (D:6)
  A water moccasin skeleton (D:5)
  5 wights (D:7)
  A crimson imp (D:7)
  A jelly (D:6)
  Crazy Yiuf (D:3)
  An orc priest (D:6)
  A centaur skeleton (D:4)
  2 orc wizards
  3 iguanas
  Ijyb (D:5)
  6 worker ants
  A hound skeleton (D:4)
  6 gnolls
  13 adders
  A shadow imp (D:6)
  An ooze (D:2)
  An adder skeleton (D:6)
  An adder zombie (D:6)
  A worm (D:6)
  A dart slug (D:3)
  6 leopard geckos
  14 orcs
  6 bats
  3 giant cockroaches
  7 goblins
  6 hobgoblins
  6 kobolds
  3 quokkas
  3 frilled lizards
  A jackal zombie (D:6)
  A quokka skeleton (D:4)
  A rat (D:3)
124 creatures vanquished.

Vanquished Creatures (others)
  An adder (D:4)
1 creature vanquished.

Grand Total: 125 creatures vanquished

Notes
Turn   | Place    | Note
-------+----------+-------------------------------------------
     0 | D:1      | vishdafish the Troll Transmuter began the quest for the
                  | Orb.
     0 | D:1      | Reached XP level 1. HP: 18/18 MP: 1/1
   340 | D:1      | Reached skill level 1 in Fighting
   376 | D:1      | Reached XP level 2. HP: 27/27 MP: 3/3
   984 | D:2      | Reached XP level 3. HP: 33/33 MP: 4/4
  1051 | D:2      | Found a glowing golden altar of the Shining One.
  1102 | D:2      | Found a blossoming altar of Fedhas.
  1103 | D:2      | Found a basalt altar of Yredelemnul.
  1106 | D:2      | Found an ancient bone altar of Kikubaaqudgha.
  1106 | D:2      | Found a sparkling altar of Nemelex Xobeh.
  1106 | D:2      | Found a snail-covered altar of Cheibriados.
  1107 | D:2      | Found an ornate altar of the Wu Jian Council.
  1109 | D:2      | You fall through a shaft for 2 floors!
  1156 | D:4      | Reached XP level 4. HP: 35/41 MP: 5/5
  1158 | D:4      | Noticed Pikel
  1158 | D:4      | Noticed a slave
  1158 | D:4      | Noticed a slave
  1235 | D:4      | Reached skill level 4 in Unarmed Combat
  1505 | D:3      | Reached XP level 5. HP: 39/48 MP: 6/6
  1629 | D:2      | Became a worshipper of Cheibriados the Contemplative
  2349 | D:3      | Reached * piety under Cheibriados
  2704 | D:3      | Found a runed translucent door.
  2705 | D:3      | Noticed Crazy Yiuf
  2715 | D:3      | Killed Crazy Yiuf
  2936 | D:4      | Reached XP level 6. HP: 57/57 MP: 7/7
  3070 | D:4      | Noticed a slave
  3076 | D:4      | Killed a slave
  3086 | D:4      | Noticed a slave
  3093 | D:4      | Killed Pikel
  3093 | D:4      | Reached skill level 5 in Unarmed Combat
  3093 | D:4      | Reached XP level 7. HP: 38/66 MP: 9/9
  3206 | D:4      | Got a twisted hunting sling
  3249 | D:4      | Reached skill level 6 in Unarmed Combat
  3463 | D:4      | Identified the +4 hunting sling of the Wheel {freeze,
                  | Fragile rF++ Dex+8 Stlth-} (You found it on level 4 of the
                  | Dungeon)
  3483 | D:5      | Entered Level 5 of the Dungeon
  3489 | D:5      | Noticed Ijyb
  3492 | D:5      | Noticed Dowan
  3498 | D:5      | Killed Ijyb
  3585 | D:5      | Found a staircase to the Ecumenical Temple.
  3595 | D:5      | Reached XP level 8. HP: 74/75 MP: 10/10
  3674 | D:5      | Reached ** piety under Cheibriados
  4036 | D:5      | Noticed Duvessa
  4045 | D:5      | Killed Duvessa
  4049 | D:5      | Killed Dowan
  4176 | D:6      | Reached skill level 7 in Unarmed Combat
  4212 | D:6      | Noticed Menkaure
  4219 | D:6      | Killed Menkaure
  4369 | D:6      | Reached XP level 9. HP: 66/82 MP: 12/12
  4615 | D:6      | Noticed Sigmund
  4626 | D:6      | Killed Sigmund
  4853 | D:7      | Reached skill level 8 in Unarmed Combat
  4969 | D:7      | Reached *** piety under Cheibriados
  5193 | D:7      | HP: 2/85 [hog (7)]
  5194 | D:7      | Slain by a hog

Skill      XL: |  1  2  3  4  5  6  7  8  9 |
---------------+----------------------------+-----
Fighting       | 1 2 3 4 |  4.4
Dodging        | 2 3 4 |  4.8
Unarmed Combat | 4 5 6 7 8 |  8.4
Transmutations | 2 3 4 |  4.2
Spellcasting   | 2 3 |  3.6

Action                   |  1- 3 |  4- 6 |  7- 9 || total
-------------------------+-------+-------+-------++-------
Melee: Unarmed           |    47 |   162 |   200 ||   409
       Punch             |       |     2 |     7 ||     9
  Use: Scroll            |       |     7 |     2 ||     9
       Potion            |       |     2 |     3 ||     5
 Stab: Sleeping          |       |     9 |     9 ||    18
  Eat: Chunk             |     3 |    23 |     7 ||    33
       Ration            |     2 |       |       ||     2
Armor: Robe              |    21 |    50 |    46 ||   117
       Skin              |       |    19 |    12 ||    31
Dodge: Dodged            |    23 |    82 |    96 ||   201
